 Dungeon Crawl Stone Soup version 0.21-a0-142-gdd972a7 (webtiles) character file.

564 drasked the Conjurer (level 7, 0/36 HPs)
             Began as a Deep Elf Fire Elementalist on July 24, 2017.
             Was an Initiate of Vehumet.
             Shot with an arrow by a centaur (7 damage)
             ... on level 5 of the Dungeon.
             The game lasted 00:15:34 (4481 turns).

drasked the Conjurer (Deep Elf Fire Elementalist)   Turns: 4481, Time: 00:15:35

Health: 0/36       AC:  2    Str:  5    XL:     7   Next: 10%
Magic:  15/15      EV: 18    Int: 27    God:    Vehumet [......]
Gold:   257        SH:  0    Dex: 20    Spells: 11/14 levels left

rFire    . . .     SeeInvis .   x - +0 blowgun
rCold    . . .     Gourm    .   (no shield)
rNeg     . . .     Faith    .   a - +0 robe
rPois    .         Spirit   .   (no helmet)
rElec    .         Reflect  .   (no cloak)
rCorr    .         Harm     .   (no gloves)
MR       .....                  (no boots)
Stlth    ++........             (no amulet)
HPRegen  0.12/turn              (no ring)
MPRegen  0.14/turn              (no ring)

@: confused, brilliant, agile, flying
A: no striking features
a: Renounce Religion


You were on level 5 of the Dungeon.
You worshipped Vehumet.
Vehumet was noncommittal.
You were not hungry.

You visited 2 branches of the dungeon, and saw 6 of its levels.

You collected 257 gold pieces.

Inventory:

Hand Weapons
 j - a +0 dagger
   (You found it on level 2 of the Dungeon)
 x - a +0 blowgun (weapon)
   (You took it off a kobold on level 3 of the Dungeon)
Missiles
 o - 5 needles of confusion
 y - 18 poisoned needles (quivered)
Armour
 a - a +0 robe (worn)
 z - a +0 pair of gloves
   (You found it on level 4 of the Dungeon)
Jewellery
 C - a cursed ring of loudness {unknown}
   (You found it on level 4 of the Dungeon)
Wands
 w - a wand of random effects (16/48)
   (You took it off Jessica on level 3 of the Dungeon)
Scrolls
 d - 6 scrolls of identify {unknown}
 e - 3 scrolls of enchant armour {unknown}
 g - 4 scrolls of amnesia {unknown}
 h - 3 scrolls of remove curse {unknown}
 m - a scroll of fog {unknown}
 n - a scroll of magic mapping {unknown}
 u - 2 scrolls of random uselessness {unknown}
 v - 3 scrolls of teleportation {unknown}
 D - a scroll of blinking {unknown}
Potions
 i - a potion of resistance {unknown}
 k - a potion of magic {unknown}
 l - a potion of agility
 p - 2 potions of heal wounds
Books
 b - a book of Flames
 r - a book of Minor Magic
   (You found it on level 3 of the Dungeon)
Comestibles
 c - 6 bread rations {@e1}
 f - a meat ration {@e2}
 B - 2 royal jellies
 E - a chunk of flesh {@w0}


   Skills:
 - Level 2.4 Dodging
 - Level 2.4 Stealth
 + Level 4.3 Spellcasting
 - Level 7.3 Conjurations
 + Level 4.3 Fire Magic


You had 11 spell levels left.
You knew the following spells:

 Your Spells              Type           Power        Failure   Level  Hunger
a - Flame Tongue          Conj/Fire      #####        1%          1    None
x - Throw Flame           Conj/Fire      ######       1%          2    None


Dungeon Overview and Level Annotations

Branches:
Dungeon (5/15)             Temple (1/1) D:4

Altars:
Ashenzari
Dithmenos
Elyvilon
Fedhas
Gozag
Hepliaklqana
Kikubaaqudgha
Makhleb
Nemelex Xobeh
Okawaru
Qazlal
Ru
Sif Muna
Trog
Uskayaw
Vehumet
Wu Jian
Xom
Zin
The Shining One


Message History

You see here 2 chunks of flesh {@w0}.
E - 2 chunks of flesh {@w0} Autoeating chunks.
Eating one of 2 chunks of flesh {@w0}.
You eat one of the 2 chunks of flesh {@w0}.
The orc shouts!
The orc is too close now for your liking.
You can't see any susceptible monsters within range! (Use Z to cast anyway.)
Aim: an orc, wielding a falchion The puff of flame hits the orc.
The orc wizard shouts!
The orc shouts!
You now have 7/15 mp.
The orc wizard points at you and mumbles some strange words.
You are confused.
The orc wizard casts a spell.
The orc wizard flickers and vanishes!
Deactivating autopickup; reactivate with Ctrl-A.
An orc priest comes into view. It is wielding a flail.
You bump into the rock wall.
The orc priest shouts!
The orc priest moves out of view.
A centaur comes into view.
You feel better.
The centaur moves out of view.
Health restored: 36
Aim: an orc, wielding a falchion (almost dead)
The flame tongue hits the orc.
You kill the orc!
Vehumet accepts your kill.
A puff of flame appears from out of thin air!
The puff of flame misses you.
You now have 7/15 mp.
Aim: an orc, wielding a hand axe and wearing a leather armour You shoot a poisoned needle.
The poisoned needle barely misses the orc.
Aim: an orc, wielding a hand axe and wearing a leather armour The flame tongue hits the orc.
You now have 6/15 mp.
Aim: an orc, wielding a hand axe and wearing a leather armour (almost dead)
The flame tongue hits the orc.
You kill the orc!
Vehumet accepts your kill.
You now have 5/15 mp.
Aim: an orc priest, wielding a flail The flame tongue hits something.
Aim: an orc priest, wielding a flail The flame tongue hits the orc priest.
You hear some strange, mumbled words.
A puff of flame appears from out of thin air!
The puff of flame hits you!
You take 6 damage, and have 30/36 hp.
You now have 4/15 mp.
Aim: an orc priest, wielding a flail (heavily wounded)
The flame tongue hits something.
You now have 3/15 mp.
Aim: an orc priest, wielding a flail (heavily wounded)
The flame tongue hits the orc priest.
You kill the orc priest!
Vehumet accepts your kill.
The centaur shouts!
The centaur wields a shortbow.
The centaur shoots an arrow.
The arrow hits you!
You hear some strange, mumbled words.
You are confused.
Your magical contamination has completely faded away.
You take 10 damage, and have 20/36 hp.
MASSIVE DAMAGE!!
You now have 2/15 mp.
You're too confused!
It was a potion of heal wounds.
You feel much better.
The centaur shoots an arrow.
The arrow hits you.
You hear some strange, mumbled words.
A magic dart appears from out of thin air!
The magic dart hits you!
You regained 4 hp, and now have 24/36 hp.
It was a potion of brilliance.
You feel clever all of a sudden.
The centaur shoots an arrow.
The arrow hits you.
The centaur shoots an arrow.
The arrow misses you. Something hits you.
You take 7 damage, and have 17/36 hp.
It was a potion of ambrosia.
You are more confused.
You feel invigorated.
The centaur shoots an arrow.
The arrow hits you.
You hear some strange, mumbled words.
A puff of flame appears from out of thin air!
The puff of flame hits you!
* * * LOW HITPOINT WARNING * * *
You take 9 damage, and have 8/36 hp.
MASSIVE DAMAGE!!
You regained 5 mp, and now have 7/15 mp.
It was a potion of agility.
You feel agile all of a sudden.
The centaur shoots an arrow.
The arrow barely misses you.
You hear some strange, mumbled words.
A puff of flame appears from out of thin air!
The puff of flame hits you!
* * * LOW HITPOINT WARNING * * *
You take 5 damage, and have 3/36 hp.
You regained 6 mp, and now have 13/15 mp.
It was a potion of flight.
You feel very buoyant.
You fly up into the air.
The centaur shoots an arrow.
The arrow hits you!
You die...

##.###.#..# #.#.
##.## #.##.# #...
##.## #.##.# ##..
##.## #..#..## ..
#..# #..# ..## #..
##..## #..##....
#....######.#...).
###.....###.....##
#####@))........
###)((..#. ##...(#
##..(# ....#
#..c.. ....#(
...... ...o..


You could see a centaur.

Vanquished Creatures
  Grinder (D:3)
  A centaur skeleton (D:5)
  A quasit (D:5)
  An orc priest (D:5)
  A worker ant (D:4)
  Jessica (D:3)
  Natasha (thrice) (D:3)
  3 gnolls (D:4)
  6 adders
  An ooze (D:3)
  3 worms
  A dart slug (D:3)
  A leopard gecko (D:3)
  2 orcs (D:5)
  6 bats
  2 giant cockroaches
  6 goblins
  4 hobgoblins
  2 jackals (D:1)
  5 kobolds
  A ball python (D:2)
  6 frilled lizards
58 creatures vanquished.

Notes
Turn   | Place    | Note
-------+----------+-------------------------------------------
     0 | D:1      | drasked the Deep Elf Fire Elementalist began the quest for the Orb.
     0 | D:1      | Reached XP level 1. HP: 10/10 MP: 6/6
   123 | D:1      | Reached skill level 2 in Conjurations
   379 | D:1      | Reached XP level 2. HP: 15/15 MP: 6/8
   388 | D:1      | Learned a level 2 spell: Throw Flame
   560 | D:2      | Found a shadowy altar of Dithmenos.
   622 | D:2      | Reached skill level 3 in Conjurations
   711 | D:2      | Found a bloodstained altar of Trog.
  1407 | D:3      | Reached XP level 3. HP: 19/19 MP: 6/9
  1650 | D:3      | Found a sparkling altar of Nemelex Xobeh.
  1653 | D:3      | Found a sacrificial altar of Ru.
  1699 | D:3      | Noticed Grinder
  1932 | D:3      | Noticed Natasha
  1937 | D:3      | Killed Natasha
  1937 | D:3      | Reached skill level 4 in Conjurations
  1937 | D:3      | Reached XP level 4. HP: 24/24 MP: 6/10
  1939 | D:3      | Noticed Jessica
  2087 | D:3      | Killed Jessica
  2087 | D:3      | Reached skill level 5 in Conjurations
  2762 | D:3      | Paralysed by Grinder for 3 turns
  2769 | D:3      | HP: 4/24 [Grinder (10)]
  2847 | D:3      | HP: 6/24 [adder (2)]
  3011 | D:3      | Noticed Natasha
  3018 | D:3      | Killed Natasha
  3018 | D:3      | Reached XP level 5. HP: 19/28 MP: 8/11
  3251 | D:3      | Noticed Natasha
  3256 | D:3      | HP: 6/28 [Grinder (6)]
  3260 | D:3      | Killed Natasha
  3271 | D:3      | Paralysed by Grinder for 5 turns
  3511 | D:3      | Killed Grinder
  3511 | D:3      | Reached skill level 7 in Conjurations
  3511 | D:3      | Reached XP level 6. HP: 14/32 MP: 6/12
  3772 | D:4      | Found a glowing golden altar of the Shining One.
  4036 | D:4      | Found a staircase to the Ecumenical Temple.
  4036 | D:4      | Found a faded altar of an unknown god.
  4057 | Temple   | Entered the Ecumenical Temple
  4067 | Temple   | Became a worshipper of Vehumet
  4240 | D:4      | Found a faded altar of an unknown god.
  4240 | D:4      | Found a glowing silver altar of Zin.
  4246 | D:4      | Found a deep blue altar of Sif Muna.
  4248 | D:4      | Found a white marble altar of Elyvilon.
  4249 | D:4      | Found a hazy altar of Hepliaklqana.
  4297 | D:5      | Entered Level 5 of the Dungeon
  4364 | D:5      | Reached skill level 4 in Spellcasting
  4364 | D:5      | Reached skill level 4 in Fire Magic
  4458 | D:5      | Reached XP level 7. HP: 34/36 MP: 8/15
  4479 | D:5      | HP: 8/36 [something/puff of flame (8)]
  4480 | D:5      | HP: 3/36 [something/puff of flame (11)]
  4481 | D:5      | Shot with an arrow by a centaur

Vault maps used:
D:1:      minmay_arrival_semitransparent
D:2:      bloody_trog, nicolae_dithmenos_shadow_blocks
D:3:      kennysheep_six_static_rooms, minitemple, uniq_jessica, uniq_natasha,
          uniq_grinder
D:4:      lemuel_round_altar, chequers_temple_overflow_minitemple,
          nicolae_temple_entry_ecumenical, first_bread
D:5:      minmay_bent
Temple:   nicolae_temple_no_exploring_needed

Skill      XL: |  1  2  3  4  5  6 |
---------------+-------------------+-----
Conjurations   | 2 3 4 5 7 |  7.3
Spellcasting   | 4 |  4.3
Fire Magic     | 4 |  4.3
Dodging        | |  2.4
Stealth        | |  2.4

Action                   |  1- 3 |  4- 6 |  7- 9 || total
-------------------------+-------+-------+-------++-------
Melee: Dagger            |     3 |     2 |       ||     5
 Fire: Blowgun           |       |    42 |     1 ||    43
 Cast: Flame Tongue      |    46 |    84 |     7 ||   137
       Throw Flame       |       |     1 |     1 ||     2
  Use: Potion            |       |     1 |     6 ||     7
 Stab: Sleeping          |     2 |     1 |       ||     3
  Eat: Chunk             |     3 |     5 |     1 ||     9
       Royal jelly       |       |     1 |       ||     1
Armor: Robe              |     3 |     4 |       ||     7
Dodge: Dodged            |    19 |    25 |     3 ||    47

Vault maps used:
D:1:      minmay_arrival_semitransparent
D:2:      bloody_trog, nicolae_dithmenos_shadow_blocks
D:3:      kennysheep_six_static_rooms, minitemple, uniq_jessica, uniq_natasha,
          uniq_grinder
D:4:      lemuel_round_altar, chequers_temple_overflow_minitemple,
          nicolae_temple_entry_ecumenical, first_bread
D:5:      minmay_bent
Temple:   nicolae_temple_no_exploring_needed

Table legend:
 A = Turns spent in this place as a percentage of turns spent in the entire game.
 B = Non-inter-level travel turns spent in this place as a percentage of non-inter-level travel turns spent in the entire game.
 C = Inter-level travel turns spent in this place as a percentage of turns spent in this place.
 D = Turns resting spent in this place as a percentage of non-inter-level travel turns spent in this place.
 E = Turns spent auto-exploring this place as a percentage of non-inter-level travel turns spent in this place.
 F = Non-inter-level travel turns spent in this place divided by the number of levels of this place that you've seen.
                   A       B       C       D       E      F
               +-------+-------+-------+-------+-------+----------------------
         Total | 100.0 | 100.0 |   1.4 |   3.8 |  11.5 | 165.2
       Dungeon |  98.8 |  98.9 |   1.3 |   3.9 |  11.6 | 196.0
        Temple |   1.2 |   1.1 |   8.3 |   0.0 |   0.0 |  11.0
               +-------+-------+-------+-------+-------+----------------------

Table legend:
 A = Kills in this place as a percentage of kills in entire the game.
 B = Kills by you in this place as a percentage of kills by you in the entire game.
 C = Kills by friends in this place as a percentage of kills by friends in the entire game.
 D = Other kills in this place as a percentage of other kills in the entire game.
 E = Experience gained in this place as a percentage of experience gained in the entire game.
 F = Experience gained in this place divided by the number of levels of this place that you have seen.
                   A       B       C       D       E      F
               +-------+-------+-------+-------+-------+----------------------
         Total | 100.0 | 100.0 |  -nan |  -nan | 100.0 | 134.3
       Dungeon | 100.0 | 100.0 |  -nan |  -nan | 100.0 | 161.2
               +-------+-------+-------+-------+-------+----------------------
